 Dungeon Crawl Stone Soup version 0.30-a0-779-g7971cf19c3 (webtiles) character file.

Game seed: 5209288594449297514

1771 Esekla the Covert (level 9, 0/61 HPs)
             Began as an Octopode Delver on Feb 17, 2023.
             Was an Initiate of Gozag.
             Slain by Pikel
             ... wielding a +2 whip of freezing
              (4 damage)
             ... on level 5 of the Dungeon.
             The game lasted 00:46:59 (7602 turns).

Esekla the Covert (Octopode Delver)                 Turns: 7602, Time: 00:47:00

Health: 0/61       AC:  1    Str: 11    XL:     9   Next: 7%
Magic:  13/13      EV: 14    Int: 28    God:    Gozag
Gold:   305        SH:  0    Dex: 13    Spells: 10/14 levels left

rFire   . . .      SeeInvis .    a - +2 long sword (vamp)
rCold   . . .      Faith    .    (no shield)
rNeg    . . .      Spirit   .    (helmet restricted)
rPois   .          Reflect  .    C - amulet of the acrobat
rElec   .          Harm     .    x - ring of Oliusm {rCorr Int+5}
rCorr   +          Rampage  .    n - +6 ring of intelligence
Will    .....                    (no ring)
Stlth   +++++                    (no ring)
HPRegen 0.30/turn                (no ring)
MPRegen 0.13/turn                (no ring)
                                 (no ring)
                                 (no ring)

@: no status effects
A: almost no armour, amphibious, 8 rings, camouflage 1, gelatinous body 1,
(nimble swimmer 1), tentacles
a: Renounce Religion, Potion Petition, Call Merchant, Bribe Branch


You were on level 5 of the Dungeon.
You worshipped Gozag.
Gozag was aware of your devotion.
You visited 2 branches of the dungeon, and saw 7 of its levels.
You also visited: Sewer and Ossuary.

You collected 1310 gold pieces.
You spent 990 gold pieces at shops.
You paid 15 gold pieces to Gozag.

Inventory:

Hand Weapons
 a - a +2 vampiric long sword (weapon)
 r - a +2 trident of protection
 s - a +0 dagger
 F - the +0 great sword of Wisdom {drain, rC+}
   (You found it on level 6 of the Dungeon)

   rC:        It protects you from cold.
Missiles
 D - 5 boomerangs (quivered)
Jewellery
 n - a +6 ring of intelligence (right tentacle)
 x - the ring of Oliusm (left tentacle) {rCorr Int+5}
   (You bought it in a shop on level 2 of the Dungeon)

   [ring of resist corrosion]

   Int:       It affects your intelligence (+5).
   rCorr:     It protects you from acid and corrosion.
 C - an amulet of the acrobat (around mantle)
Wands
 f - a wand of digging (3)
 E - a wand of paralysis (11)
Scrolls
 b - 2 scrolls of fog
 e - a scroll of acquirement {unknown}
 i - a scroll of amnesia {unknown}
 j - 3 scrolls of fear
 m - 3 scrolls of vulnerability {unknown}
 t - 2 scrolls of noise {unknown}
 v - a scroll of enchant armour {unknown}
 w - 2 scrolls of summoning {unknown}
 y - 4 scrolls of blinking
Potions
 d - 10 potions of curing {unknown}
 g - 4 potions of brilliance
 h - 3 potions of mutation
 k - 7 potions of heal wounds
 l - a potion of cancellation {unknown}
 o - a potion of magic
 p - 4 potions of haste
 q - 2 potions of might
 u - a potion of invisibility
 z - 3 potions of flight
 B - a potion of ambrosia {unknown}
 G - a potion of degeneration {unknown}


   Skills:
 * Level 5.5 Fighting
 + Level 1.3(4.3) Short Blades
 * Level 6.5(6.6) Long Blades
 + Level 1.2 Throwing
 * Level 4.3 Dodging
 - Level 9.3 Stealth
 * Level 3.2 Spellcasting
 * Level 0.2 Conjurations
 * Level 2.1 Translocations
 * Level 1.7 Transmutations
 * Level 0.2 Fire Magic


You had 10 spell levels left.
You knew the following spells:

 Your Spells              Type           Power      Damage    Failure   Level
b - Blink                 Tloc           32%        N/A       4%          2
w - Wereblood             Tmut           14%        N/A       6%          2

Your spell library contained the following spells:

 Spells                   Type           Power      Damage    Failure   Level
 Beastly Appendage        Tmut           28%        N/A       4%          1
 Lesser Beckoning         Tloc           32%        N/A       4%          2
 Foxfire                  Conj/Fire      20%        2x1d5     8%          1
 Kiss of Death            Conj/Necr      20%        2d7       8%          1
 Magic Dart               Conj           20%        1d4       8%          1
 Gell's Gravitas          Tloc           16%        N/A       10%         3
 Teleport Other           Tloc           16%        N/A       10%         3
 Searing Ray              Conj           10%        2d4       11%         2
 Spider Form              Tmut/Pois      9%         N/A       17%         3
 Confusing Touch          Hex            4%         N/A       24%         3
 Manifold Assault         Tloc           16%        N/A       32%         4
 Fulminant Prism          Conj/Hex       2%         3d5       58%         4
 Dispel Undead            Necr           4%         3d7       63%         4
 Fireball                 Conj/Fire      2%         3d4       90%         5
 Starburst                Conj/Fire      2%         6d3       100%        6
 Storm Form               Tmut/Air       4%         N/A       100%        7


Dungeon Overview and Level Annotations

Branches:
Dungeon (6/15)             Temple (1/1) D:5           Sewer (visited)
Ossuary (visited)

Altars:
Cheibriados
Elyvilon
Gozag
Hepliaklqana
Kikubaaqudgha
Makhleb
Zin
The Shining One

Shops:
D:1 :   D:2 *

Annotations:
D:5 Pikel


Innate Abilities, Weirdness & Mutations

You cannot wear most types of armour.
You are amphibious.
You can wear up to eight rings at the same time.
Your skin changes colour to match your surroundings (Stealth+).
Your rubbery body absorbs attacks. (AC +1, EV +1)
((You are camouflaged when in or above water. (Stealth+)))
You have tentacles for arms and can constrict up to eight enemies at once.


Message History

You blink.
You lose your grip on Pikel.
Pikel is no longer moving slowly.
Pikel looks more healthy.
Pikel says, "It's all about the gold, really."
Throw: 5 boomerangs
Press: ? - help, Q - select action, (/) - cycle Shift-Dir - straight line, f - Pikel
Aim: Pikel, wielding a +2 whip of freezing and wearing a +0 robe (heavily wounded, 51% to hit)
You throw a boomerang.
The boomerang hits Pikel but does no damage.
Pikel is heavily wounded.
You feel stable enough to blink again.
Throw: 5 boomerangs
Press: ? - help, Q - select action, (/) - cycle Shift-Dir - straight line, f/p - Pikel
Aim: Pikel, wielding a +2 whip of freezing and wearing a +0 robe (heavily wounded, 51% to hit)
You throw a boomerang. The boomerang hits Pikel.
Pikel is heavily wounded.
Throw: 5 boomerangs
Press: ? - help, Q - select action, (/) - cycle Shift-Dir - straight line, f/p - Pikel
Aim: Pikel, wielding a +2 whip of freezing and wearing a +0 robe (heavily wounded, 51% to hit)
You throw a boomerang. The boomerang barely misses Pikel.
Pikel says, "You'll feel the lick of my whip!"
Pikel says, "You'll feel the lick of my whip!"
Throw: 5 boomerangs
Press: ? - help, Q - select action, (/) - cycle Shift-Dir - straight line, f/p - Pikel
Aim: Pikel, wielding a +2 whip of freezing and wearing a +0 robe (heavily wounded, 51% to hit)
You throw a boomerang. The boomerang hits Pikel.
Pikel is severely wounded.
You closely miss Pikel. Your grab misses Pikel.
Pikel is severely wounded.
Pikel hits you with a +2 whip of freezing!
* * * LOW HITPOINT WARNING * * *
Pikel freezes you.
* * * LOW HITPOINT WARNING * * *
You hit Pikel. You grab Pikel.
Pikel is severely wounded.
You constrict Pikel, but do no damage.
Pikel hits you with a +2 whip of freezing!
* * * LOW HITPOINT WARNING * * *
Pikel freezes you.
You die...
Your body crumbles into a pile of gold.

..#..............#####..## #....
..#.....########## ##..####..#.
........## ##..##..... ........5#
##..[...#.. .[.....#.##
#.......... .......#..#
##.......... ........#.####
#...........
..#..........#########.#.........
#.............5K@...............<
##'#..........###..........#####.
..##.........####..........# #.
>.##......................## #.
..##.........##...........# #.
####.........##...........######.
..##..........................##.
>.##...........##..............#.
..##....#.#.#######............#.


You could see Pikel and a lemure.

Vanquished Creatures
  A water moccasin (D:6)
  A black bear (D:4)
  An ogre (D:6)
  A lemure (D:6)
  A phantom (D:4)
  A necrophage (D:5)
  2 bullfrogs (Sewer)
  2 wights
  8 scorpions (Ossuary)
  2 centaur zombies (Ossuary)
  A hound (D:4)
  A jelly (D:5)
  3 iguanas
  An orc wizard (D:4)
  2 scorpion zombies (Ossuary)
  Natasha (thrice) (D:2)
  3 mummies (Ossuary)
  11 adders
  4 gnolls (D:3)
  3 worms
  6 dart slugs
  7 orcs
  4 bats
  6 endoplasms
  10 giant cockroaches
  4 gnoll zombies (Ossuary)
  8 goblins
  4 hobgoblins
  12 quokkas
  11 ball pythons
  12 frilled lizards
  3 goblin zombies (Ossuary)
  2 hobgoblin zombies (Ossuary)
  5 kobolds
  A kobold zombie (Ossuary)
  2 orc zombies (Ossuary)
  9 rats
158 creatures vanquished.

Vanquished Creatures (others)
  A scorpion (D:5)
  2 plants (D:1)
3 creatures vanquished.

Grand Total: 161 creatures vanquished

Notes
Turn   | Place    | Note
-------+----------+-------------------------------------------
     0 | D:5      | Esekla the Octopode Delver began the quest for the Orb.
     0 | D:5      | Reached XP level 1. HP: 16/16 MP: 1/1
     4 | D:5      | Noticed a necrophage
    49 | D:5      | Reached XP level 2. HP: 18/21 MP: 2/2
    74 | D:5      | Noticed a scorpion
   100 | D:5      | Reached skill level 7 in Stealth
   103 | D:5      | Found a staircase to the Ecumenical Temple.
   105 | D:5      | HP: 1/21 [poisoned by an adder]
   112 | Temple   | Entered the Ecumenical Temple
   162 | Temple   | Became a worshipper of Gozag Ym Sagoz the Greedy
   287 | D:5      | Found a sand-covered staircase.
   293 | D:5      | Reached XP level 3. HP: 26/26 MP: 3/3
   296 | Ossuary  | Entered an ossuary
   320 | Ossuary  | Noticed a scorpion
   328 | Ossuary  | Killed a scorpion
   329 | Ossuary  | Reached skill level 1 in Spellcasting
   329 | Ossuary  | Reached XP level 4. HP: 31/31 MP: 3/5
   374 | Ossuary  | Noticed a scorpion
   401 | Ossuary  | Killed a scorpion
   402 | Ossuary  | Reached skill level 8 in Stealth
   402 | Ossuary  | Reached XP level 5. HP: 34/36 MP: 6/6
   579 | Ossuary  | Reached XP level 6. HP: 43/43 MP: 8/8
  1886 | Ossuary  | Reached XP level 7. HP: 48/48 MP: 8/10
  2484 | D:5      | Reached skill level 1 in Throwing
  2890 | D:4      | Found a glowing drain.
  2896 | Sewer    | Entered a sewer
  3117 | Sewer    | Reached skill level 9 in Stealth
  3254 | Sewer    | Reached XP level 8. HP: 54/54 MP: 11/11
  3287 | Sewer    | Reached skill level 5 in Long Blades
  3526 | D:2      | Found Wunaimai's General Store.
  3563 | D:2      | Bought a scroll of blinking for 75 gold pieces
  3563 | D:2      | Bought a potion of might for 40 gold pieces
  4038 | D:1      | Found Fopnax's Book Shop.
  4377 | D:1      | Bought a book of Changes for 180 gold pieces
  4377 | D:1      | Bought an Inescapable Atlas for 320 gold pieces
  4380 | D:1      | Learned a level 2 spell: Wereblood
  4383 | D:1      | Learned a level 2 spell: Blink
  4587 | D:2      | Noticed Natasha
  4596 | D:2      | Killed Natasha
  4604 | D:2      | Noticed Natasha
  4607 | D:2      | Killed Natasha
  4828 | D:2      | Reached skill level 5 in Fighting
  4872 | D:2      | Found a white marble altar of Elyvilon.
  4902 | D:2      | Noticed Natasha
  4909 | D:2      | Killed Natasha
  5462 | D:2      | Bought the ring of Oliusm {rCorr Int+5} for 375 gold pieces
  6319 | D:4      | Reached skill level 1 in Translocations
  6381 | D:4      | Reached skill level 1 in Short Blades
  6381 | D:4      | Reached skill level 1 in Transmutations
  6949 | D:6      | Identified the +0 great sword of Wisdom {drain, rC+}
  7312 | D:6      | Reached XP level 9. HP: 40/60 MP: 13/13
  7524 | D:6      | Noticed Pikel
  7602 | D:5      | Slain by Pikel

Illustrated notes

Levels and vault maps discovered:
D:1:      roderic_crop_circles_arrival_small, layout_loops_ring, serial_shops,
          shop_fountains
D:2:      layout_loops_corners, basic_altar, serial_shops, shop, uniq_natasha
D:3:      layout_basic
D:4:      layout_loops_ring, gup_sewer_entry_spiral, minmay_statues_item
D:5:      layout_rooms, lemuel_temple_firewalk_b,
          nicolae_ossuary_entry_false_entrances
D:6:      layout_cave_pools, uniq_pikel
Temple:   mainiacjoe_temple_cubbyholes

Skill      XL: |  1  2  3  4  5  6  7  8  9 |
---------------+----------------------------+-----
Stealth        | 7 8 9 |  9.3
Spellcasting   | 1 2 3 |  3.2
Long Blades    | 3 4 6 |  6.5
Fighting       | 4 5 |  5.5
Dodging        | 3 4 |  4.3
Throwing       | 1 |  1.2
Translocations | 1 2 |  2.1
Short Blades   | 1 |  1.3
Transmutations | 1 |  1.7
Conjurations   | |  0.2
Fire Magic     | |  0.2

Action                     |  1- 3 |  4- 6 |  7- 9 || total
---------------------------+-------+-------+-------++-------
  Melee: Falchion          |    10 |    60 |   185 ||   255
         Constrict         |     3 |    15 |    57 ||    75
         Tentacles         |     2 |    20 |    64 ||    86
         Dagger            |       |       |    54 ||    54
         Punch             |       |       |     3 ||     3
         Long sword        |       |       |    20 ||    20
  Throw: Dart              |     2 |     8 |    20 ||    30
         Boomerang         |       |       |    20 ||    20
   Cast: Blink             |       |       |     4 ||     4
    Use: Scroll            |     2 |       |     7 ||     9
         Potion            |     1 |       |     2 ||     3
   Stab: Sleeping          |     1 |     4 |    46 ||    51
         Distracted        |       |       |     1 ||     1
 Armour: Skin              |       |     7 |     8 ||    15
  Dodge: Dodged            |     5 |    30 |   127 ||   162

Table legend: (Time is in decaauts)
 A = Elapsed time spent in this place.
 B = Non-inter-level travel time spent in this place.
 C = Inter-level travel time spent in this place.
 D = Time resting spent in this place.
 E = Time spent auto-exploring this place.
 F = Levels seen in this place.
 G = Mean time per level.
                   A        B        C        D        E       F      G
               +--------+--------+--------+--------+--------+-----+--------+
         Total |   7589 |   7343 |    246 |   2306 |   1365 |   9 |  843.2 |
       Dungeon |   5062 |   4852 |    210 |    842 |   1339 |   6 |  843.7 |
        Temple |     86 |     50 |     36 |      0 |      0 |   1 |   86.0 |
         Sewer |    495 |    495 |      0 |    132 |      0 |   1 |  495.0 |
       Ossuary |   1945 |   1945 |      0 |   1332 |     26 |   1 | 1945.0 |
               +--------+--------+--------+--------+--------+-----+--------+

Top non-repeatable levels by time:
 Ossuary: 1945 daAuts
     D:5: 1080 daAuts
     D:2: 1001 daAuts
     D:4: 906 daAuts
     D:3: 893 daAuts
     D:1: 827 daAuts
   Sewer: 495 daAuts
     D:6: 353 daAuts
  Temple: 86 daAuts
